 Dungeon Crawl Stone Soup version 0.20-a0-870-g4070442 (webtiles) character file.

57 4thArraOfDagon the Sneak (level 3, 0/18 HPs)
             Began as a Felid Wanderer on Mar 13, 2017.
             Was an Initiate of Gozag.
             Slain by an adder (4 damage)
             ... on level 2 of the Dungeon.
             The game lasted 00:03:24 (592 turns).

4thArraOfDagon the Sneak (Felid Wanderer)            Turns: 592, Time: 00:03:25

Health: 0/18       AC:  1    Str:  8    XL:     3   Next: 73%
Magic:  4/4        EV: 17    Int: 16    God:    Gozag
Gold:   159        SH:  0    Dex: 13    Spells: 2/2 levels left
                                        Lives:  0   Deaths: 0

rFire    . . .     SeeInvis +     - Unarmed
rCold    . . .     Gourm    .   (armour unavailable)
rNeg     . . .     Faith    .   (shield unavailable)
rPois    .         Spirit   .   (helmet unavailable)
rElec    .         Reflect  .   (cloak unavailable)
rCorr    .         Harm     .   (gloves unavailable)
MR       .....                  (boots unavailable)
Stlth    +++.......             (no amulet)
Regen    0.1/turn               (no ring)
MPRegen  0.1/turn               (no ring)

@: quick
A: no armour, no weapons or thrown items, stealth, claws 1, fangs 3, see
invisible, carnivore 3, speed 1, shaggy fur 1, slow metabolism 1, sharp paws
a: Potion Petition, Call Merchant, Bribe Branch, Renounce Religion


You were on level 2 of the Dungeon.
You worshipped Gozag.
Gozag was aware of your devotion.
You were very full.

You visited 1 branch of the dungeon, and saw 3 of its levels.

You collected 201 gold pieces.
You paid 42 gold pieces to Gozag.

Inventory:

Scrolls
 e - a scroll of teleportation {unknown}
 f - a scroll of noise {unknown}
 g - a scroll of amnesia {unknown}
 h - 2 scrolls of identify {unknown}
Potions
 a - a potion of berserk rage
 b - a potion of haste
 c - 4 potions of curing
 i - 2 potions of brilliance {unknown}
Comestibles
 d - 3 meat rations


   Skills:
 - Level 4.0 Fighting
 * Level 2.6 Dodging
 + Level 5.0 Stealth
 * Level 3.5 Unarmed Combat


You had 2 spell levels left.
You didn't know any spells.

Dungeon Overview and Level Annotations

Branches:
Dungeon (3/15)

Altars:
Gozag
Ru

Annotations:
D:1 1 exclusion


Innate Abilities, Weirdness & Mutations

You cannot wear armour.
You are incapable of wielding weapons or throwing items.
Your paws allow you to move quietly. (Stealth)
You have sharp claws.
You have razor-sharp teeth.
You have supernaturally acute eyesight. (SInv)
You are carnivorous and can eat meat at any time.
You cover ground quickly.
You are covered in fur. (AC +1)
You have a slow metabolism.
Your sharp claws are effective at attacking unaware monsters.


Message History

The adder closely misses you.
You barely miss the adder.
The adder is severely wounded.
The adder closely misses you. The adder bites you.
You scratch the adder.
You kill the adder!
Your Stealth skill increases to level 5!
You now have 159 gold pieces (gained 6).
An adder comes into view.
A kobold comes into view.
A worm comes into view.
The adder hisses angrily.
Unknown command.
You closely miss the adder. The adder bites you.
* * * LOW HITPOINT WARNING * * *
Unknown command.
Unknown command.
You closely miss the adder. The adder bites you.
You die...
Your body crumbles into a pile of gold.

.....# #...........##..)......#
.....# #...........##.........#
.....# #...........##.....[...#
.....#####...........##.........#
.(...#...#...........##......)..#
.....#...#...........##.........#
....)................######.#....
.....................# #.#.#..
................@....### #.#†##.
............#####S.....# #.#.##.
............### #......# #.###
#...............#......# #.# #
#...............#......# #.# #
#..........[....#...K..# #..
####.######.....#..w...# ### #.#
######.......# #.# .......#


You could see a worm (wandering), an adder and a kobold (wandering).

Vanquished Creatures
  2 adders
  An ooze (D:2)
  A worm (D:2)
  A leopard gecko (D:1)
  4 orcs (D:3)
  A ball python (D:3)
  4 hobgoblins
  2 jackals (D:2)
  A kobold (D:2)
  4 bats
  2 frilled lizards
  A goblin (D:3)
  3 rats (D:2)
27 creatures vanquished.

Notes
Turn   | Place    | Note
-------+----------+-------------------------------------------
     0 | D:1      | 4thArraOfDagon the Felid Wanderer began the quest for the Orb.
     0 | D:1      | 4thArraOfDagon set off with: a potion of berserk rage, a potion of haste, 2 potions of curing, a meat ration
     0 | D:1      | Reached XP level 1. HP: 11/11 MP: 2/2
   219 | D:3      | Reached skill level 1 in Dodging
   239 | D:2      | Reached XP level 2. HP: 13/15 MP: 3/3
   301 | D:3      | Found an opulent altar of Gozag.
   309 | D:3      | Became a worshipper of Gozag Ym Sagoz the Greedy
   365 | D:3      | Reached XP level 3. HP: 18/18 MP: 4/4
   485 | D:2      | Found a sacrificial altar of Ru.
   582 | D:2      | Reached skill level 5 in Stealth
   592 | D:2      | Slain by an adder

Vault maps used:
D:1:      sevenhm_arrival_forest_fort_large_1, minmay_misc_feat_four_crosses
D:2:      hangedman_ru_absence
D:3:      grunt_gozag_statues, marbit_many_paths,
          chequers_ecumenical_altar_simple

Skill      XL: |  1  2  3 |
---------------+----------+-----
Dodging        | 1 2 |  2.6
Stealth        | 5 |  5.0
Fighting       | |  4.0
Unarmed Combat | |  3.5

Action                   || total
-------------------------++-------
Melee: Unarmed           ||    87
       Bite              ||     4
  Use: Potion            ||     1
 Stab: Sleeping          ||     5
  Eat: Chunk             ||     6
Armor: Skin              ||     4
Dodge: Dodged            ||    56
